 Dungeon Crawl Stone Soup version 0.17.1-1-g73c8601 (webtiles) character file.

4655 shmeve the Fighter (level 10, -3/94 HPs)
             Began as a Minotaur Berserker on Apr 20, 2016.
             Was an Elder of Trog.
             Slain by an ogre
             ... wielding a cursed +0 giant club
              (22 damage)
             ... on level 9 of the Dungeon on Apr 21, 2016.
             The game lasted 00:19:07 (9186 turns).

shmeve the Fighter (Minotaur Berserker)             Turns: 9186, Time: 00:19:07

Health: -3/94      AC: 11    Str: 23      XL:     10   Next: 20%
Magic:  9/9        EV: 10    Int:  0 (2)  God:    Trog [****..]
Gold:   223        SH:  0    Dex: 11      Spells: 0 memorised, 9 levels left

rFire  . . .     SeeInvis .     y - +0 war axe
rCold  . . .     Clarity  .     b - +0 chain mail "Hudeel Ifue" {rN+ MR++ Int-3} (curse)
rNeg   + . .     SustAt   .     (no shield)
rPois  .         Gourm    .     (helmet restricted)
rElec  .         Spirit   .     (no cloak)
rCorr  .         Warding  .     (no gloves)
rMut   .         Stasis   .     n - +0 pair of boots
MR     ++...                    (no amulet)
Stlth  ..........               (no ring)
                                (no ring)

@: slowed, lost intelligence, very slow, very resistant to hostile enchantments,
extremely unstealthy
A: retaliatory headbutt, horns 2
a: Berserk, Trog's Hand, Brothers in Arms, Burn Spellbooks, Renounce Religion


You were on level 9 of the Dungeon.
You worshipped Trog.
Trog was greatly pleased with you.
You were not hungry.

You visited 2 branches of the dungeon, and saw 10 of its levels.
You also visited: Sewer.

You collected 508 gold pieces.
You spent 285 gold pieces at shops.

Inventory:

Hand Weapons
 y - a +0 war axe (weapon)
Missiles
 m - 14 tomahawks (quivered)
Armour
 b - the cursed +0 chain mail "Hudeel Ifue" (worn) {rN+ MR++ Int-3}
   (You bought it in a shop on level 8 of the Dungeon)

   It affects your intelligence (-3).
   It protects you from negative energy.
   It affects your resistance to hostile enchantments.
   It has a curse placed upon it.
 n - a +0 pair of boots (worn)
Wands
 i - a wand of magic darts (29)
Scrolls
 f - 2 scrolls of fog
 g - 2 scrolls of remove curse
 h - 6 scrolls of identify
 o - a scroll of blinking {unknown}
 s - a scroll of magic mapping
 t - 5 scrolls of teleportation
 v - 2 scrolls of amnesia {unknown}
Potions
 e - 2 potions of haste
 k - 3 potions of agility
 l - a potion of might {unknown}
 p - 4 potions of flight
 q - a potion of heal wounds {unknown}
 r - 5 potions of curing
 u - a potion of cancellation {unknown}
 w - 3 potions of brilliance {unknown}
Comestibles
 a - 6 beef jerkies
 c - 6 bread rations
 d - 12 royal jellies
 j - 2 meat rations


   Skills:
 * Level 10.3 Fighting
 * Level 10.1 Axes
 + Level 5.5 Throwing
 + Level 7.2 Armour
 + Level 6.5 Dodging


You had 9 spell levels left.
You didn't know any spells.

Dungeon Overview and Level Annotations

Branches:
Dungeon (9/15)             Temple (1/1) D:4
   Lair: D:8-11         Orc: D:9-12

Altars:
Cheibriados
Dithmenos
Elyvilon
Fedhas
Kikubaaqudgha
Makhleb
Nemelex Xobeh
Okawaru
Ru
Trog
Vehumet
Xom

Shops:
D:8 =[*:


Innate Abilities, Weirdness & Mutations

You reflexively headbutt those who attack you in melee.
You have a pair of horns on your head.


Message History

You furiously retaliate!
You headbutt the centaur skeleton!
You destroy the centaur skeleton!
An ogre comes into view. It is wielding a giant club.
The ogre shouts!
Found 10 gold pieces.
You barely miss the ogre. The ogre hits you with a giant club.
A black bear comes into view.
You completely miss the ogre.
The black bear growls angrily.
The ogre barely misses you. You furiously retaliate!
You headbutt the ogre! You barely miss the ogre. Your headbutt misses the ogre.
The ogre is heavily wounded.
The ogre hits you with a giant club!
* * * LOW HITPOINT WARNING * * *
The ogre hits you with a giant club.
* * * LOW HITPOINT WARNING * * *
You slash the ogre! Your headbutt misses the ogre.
The ogre is almost dead.
The ogre hits you with a giant club!!
You die...

.###.........#### ...#
...##.##.###....####..###
##.......................
.....###..##....##.......
.###...##.##..#......#
###.....#........###..#
##............##.# .#
..............##.###
.........####...@..#
........## #...O.......
.#....... #...h.......
.#....... ........#####
.........#.........#
............#.......
<..#...######...$..##
........# #.......
.#..###.#


You could see a black bear and an ogre.

Vanquished Creatures
  Maurice (D:8)
  A two-headed ogre (D:8)
  Grinder (D:4)
  Prince Ribbit (D:5)
  Sigmund (D:5)
  A wyvern (D:9)
  A hippogriff (D:8)
  Duvessa (D:5)
  A spider (D:8)
  A black bear (D:8)
  An orc warrior (D:8)
  A sky beast (D:8)
  2 wasps (D:8)
  3 ice beasts
  3 ogres
  A necrophage (D:7)
  2 phantoms
  2 centaurs (D:8)
  A big kobold (Sewer)
  2 giant frogs
  A brain worm (D:8)
  2 wyvern zombies
  Dowan (D:5)
  A water moccasin zombie (D:7)
  4 killer bees (D:6)
  3 scorpions
  4 crimson imps
  A centaur zombie (D:9)
  2 hounds
  A centaur skeleton (D:9)
  A giant frog skeleton (D:7)
  A jelly (D:7)
  3 iguanas
  3 worker ants
  Terence (D:3)
  A killer bee zombie (D:9)
  3 hound skeletons
  3 gnolls (D:7)
  4 river rats
  9 adders
  A shadow imp (D:7)
  An adder zombie (D:9)
  2 oozes
  An adder skeleton (D:5)
  5 worms
  16 orcs
  4 ball pythons
  5 bats
  5 giant cockroaches
  6 hobgoblins
  21 jackals
  4 giant geckos
  10 giant newts
  3 goblins
  A jackal skeleton (D:7)
  10 kobolds
  5 quokkas
  7 rats
184 creatures vanquished.

Vanquished Creatures (others)
  A plant (D:7)
1 creature vanquished.

Grand Total: 185 creatures vanquished

Notes
Turn   | Place    | Note
--------------------------------------------------------------
     0 | D:1      | shmeve the Minotaur Berserker began the quest for the Orb.
     0 | D:1      | Reached XP level 1. HP: 19/19 MP: 0/0
   221 | D:1      | Reached skill level 4 in Fighting
   221 | D:1      | Reached XP level 2. HP: 27/27 MP: 1/1
   688 | D:2      | Found a blossoming altar of Fedhas.
   689 | D:2      | Found a white marble altar of Elyvilon.
   689 | D:2      | Found a radiant altar of Vehumet.
   689 | D:2      | Found an iron altar of Okawaru.
   697 | D:2      | Reached XP level 3. HP: 22/33 MP: 2/2
   855 | D:2      | Reached ** piety under Trog
   987 | D:2      | Reached skill level 1 in Throwing
  1383 | D:2      | Found a shadowy altar of Dithmenos.
  1627 | D:3      | Reached XP level 4. HP: 22/41 MP: 3/3
  1806 | D:3      | Noticed a scorpion
  1824 | D:3      | Killed a scorpion
  2059 | D:3      | Noticed Terence
  2060 | D:3      | Found a glowing drain.
  2063 | D:3      | Reached XP level 5. HP: 44/47 MP: 4/4
  2072 | D:3      | Killed Terence
  2079 | D:3      | Reached skill level 5 in Fighting
  2098 | Sewer    | Entered a sewer
  2109 | Sewer    | Reached *** piety under Trog
  2109 | Sewer    | Reached skill level 5 in Axes
  2309 | Sewer    | Reached XP level 6. HP: 43/56 MP: 5/5
  2333 | Sewer    | Found a white marble altar of Elyvilon.
  2511 | D:3      | Found a sacrificial altar of Ru.
  2824 | D:3      | Found a snail-covered altar of Cheibriados.
  3283 | D:4      | Found a staircase to the Ecumenical Temple.
  3305 | Temple   | Entered the Ecumenical Temple
  3450 | D:4      | Found an ancient bone altar of Kikubaaqudgha.
  3489 | D:4      | Reached skill level 6 in Axes
  3489 | D:4      | Reached XP level 7. HP: 52/62 MP: 6/6
  3533 | D:4      | Noticed Grinder
  3558 | D:4      | Paralysed by Grinder for 2 turns
  3575 | D:4      | Killed Grinder
  4069 | D:5      | Entered Level 5 of the Dungeon
  4358 | D:5      | Noticed Prince Ribbit
  4366 | D:5      | Killed Prince Ribbit
  4460 | D:5      | Noticed Sigmund
  4471 | D:5      | Killed Sigmund
  4471 | D:5      | Reached skill level 7 in Fighting
  4471 | D:5      | Reached XP level 8. HP: 50/73 MP: 7/7
  4520 | D:5      | Noticed Dowan
  4522 | D:5      | Noticed Duvessa
  4528 | D:5      | Killed Duvessa
  4533 | D:5      | Killed Dowan
  4533 | D:5      | Reached skill level 5 in Armour
  4893 | D:6      | Reached skill level 5 in Dodging
  6198 | D:6      | Reached skill level 8 in Fighting
  6706 | D:7      | Reached XP level 9. HP: 82/82 MP: 8/8
  7023 | D:7      | Reached **** piety under Trog
  7116 | D:7      | Found a bloodstained altar of Trog.
  7463 | D:8      | Reached skill level 9 in Fighting
  7652 | D:8      | Found a burning altar of Makhleb.
  7653 | D:8      | Found a shimmering altar of Xom.
  7772 | D:8      | Found Xeucw's Antique Armour Shoppe.
  7775 | D:8      | Bought a turquoise-studded chain mail for 285 gold pieces
  7786 | D:8      | Identified the cursed +0 chain mail "Hudeel Ifue" {rN+ MR++ Int-3} (You bought it in a shop on level 8 of the Dungeon)
  8259 | D:8      | Found Yqif's Jewellery Boutique.
  8270 | D:8      | Found a sparkling altar of Nemelex Xobeh.
  8291 | D:8      | Found Ohisouf's General Store.
  8310 | D:8      | Found Bomane's Book Boutique.
  8395 | D:8      | Noticed Maurice
  8574 | D:8      | Killed Maurice
  8574 | D:8      | Reached skill level 5 in Throwing
  8789 | D:8      | Reached XP level 10. HP: 66/93 MP: 9/9
  8802 | D:8      | Reached skill level 10 in Fighting
  8804 | D:8      | Lost intelligence.
  8819 | D:8      | Paralysed by a wasp for 3 turns
  9063 | D:8      | Reached skill level 10 in Axes
  9186 | D:9      | Slain by an ogre

Action                   |  1- 3 |  4- 6 |  7- 9 | 10-12 || total
-------------------------+-------+-------+-------+-------++-------
Melee: Hand axe          |    79 |   107 |   267 |       ||   453
       War axe           |       |       |    49 |    51 ||   100
Throw: Tomahawk          |     6 |    17 |    32 |     6 ||    61
Invok: Trog's Hand       |     1 |       |     4 |       ||     5
       Berserk           |       |       |     4 |       ||     4
  Use: Scroll            |       |    12 |     1 |       ||    13
 Stab: Sleeping          |       |     1 |     3 |       ||     4
  Eat: Chunk             |     2 |     4 |    14 |     2 ||    22
       Meat ration       |       |     1 |     1 |       ||     2
